Map: Bel'Shir Vestige LE (Void)

Players

Lambo - Winner!

  • Race: Zerg Zerg
  • Spawn Location: 5:00

BLY

  • Race: Zerg Zerg
  • Spawn Location: 11:00

Event: WCS Austin 2017

VOD

Have the link to the VOD?

Description

Time

  • Played on: April 28, 2017, 5:37 p.m.
  • Length: 9:48

All games in this series

Show
View Real Time Build Order
Export as new Build Order

Lambo Zerg - Winner!

Build Orders: Hatch First, Zergling Baneling 

Get SALT Encoding   

  12  0:00  Drone  
  13  0:12  Overlord  
  13  0:17  Drone  
  14  0:31  Drone x2  
  14  0:34  Drone  
  17  0:51  Hatchery  
  17  0:55  Drone  
  17  0:58  Drone  
  18  1:08  Extractor  
  17  1:12  Spawning Pool  
  17  1:15  Drone  
  17  1:18  Drone  
  18  1:28  Drone  
  19  1:40  Overlord  
  19  1:59  Queen, Zergling x2  
  19  2:00  Zergling x2  
  23  2:02  Queen  
  23  2:03  Zergling x2  
  26  2:08  Metabolic Boost  
  26  2:12  Zergling x2  
  27  2:18  Spine Crawler  
  27  2:19  Zergling x2  
  27  2:26  Zergling x4  
  29  2:34  Baneling Nest  
  28  2:39  Zergling x4  
  25  2:45  Zergling x2  
  25  2:47  Zergling x2  
  24  2:55  Zergling x2  
  24  2:56  Queen  
  26  3:06  Zergling x4  
  27  3:20  Zergling x4  
  27  3:21  Baneling x2  
  27  3:23  Zergling x6  
  28  3:28  Baneling x2  
  28  3:32  Zergling x2  
  28  3:42  Zergling x4  
  28  3:52  Zergling x6  
  29  4:01  Queen  
  31  4:07  Drone x2  
  33  4:16  Baneling  
  33  4:24  Queen  
  31  4:33  Baneling x2  
  31  4:37  Drone  
  32  4:39  Queen  
  32  4:40  Baneling  
  34  4:51  Zergling x4  
  36  4:56  Spine Crawler  
  34  5:00  Drone  
  34  5:01  Drone  
  35  5:18  Baneling x2  
  35  5:22  Overlord  
  35  5:24  Spine Crawler, Baneling  
  34  5:37  Drone  
  34  5:38  Overlord  
  34  5:40  Queen  
  34  5:41  Drone x2  
  34  5:42  Drone  
  40  5:48  Drone x2  
  41  5:52  Drone x2  
  43  5:58  Baneling x2  
  42  6:05  Zergling x6  
  42  6:09  Drone x2  
  47  6:13  Drone x2  
  49  6:19  Drone x2  
  49  6:24  Overlord  
  51  6:27  Roach Warren  
  48  6:36  Drone x3  
  48  6:39  Baneling x2  
  51  6:42  Lair  
  51  6:43  Drone  
  51  6:46  Drone  
  53  6:49  Extractor  
  53  6:50  Drone, Evolution Chamber  
  52  6:58  Drone x3  
  52  7:00  Evolution Chamber  
  54  7:01  Extractor  
  54  7:05  Drone x3  
  54  7:08  Roach  
  58  7:13  Overlord  
  58  7:15  Zerg Missile Weapons Level 1  
  58  7:16  Overlord  
  59  7:38  Roach x4, Hatchery  
  59  7:40  Glial Reconstitution  
  66  7:47  Baneling x2  
  66  7:49  Overlord  
  66  7:50  Overlord  
  65  7:59  Roach  
  66  8:12  Drone x3, Overlord x2  
  67  8:17  Roach x4  
  75  8:21  Overlord, Extractor  
  75  8:22  Roach  
  75  8:23  Roach  
  78  8:27  Overseer  
  78  8:30  Roach  
  80  8:37  Roach x2  
  84  8:43  Drone x2  
  84  8:46  Roach x4  
  94  8:50  Roach x2  
  94  8:54  Roach  
  100  8:59  Roach  
  100  9:02  Roach x2  
  106  9:09  Overlord  
  106  9:14  Roach x4  
  106  9:16  Overlord  
  114  9:20  Overlord  
Show
View Real Time Build Order
Export as new Build Order

BLY Zerg 

Build Orders: Pool First, Zergling Baneling 

Get SALT Encoding   

  12  0:01  Drone  
  13  0:15  Extractor  
  12  0:24  Spawning Pool  
  12  0:28  Drone  
  12  0:33  Drone  
  13  0:38  Drone  
  14  0:48  Overlord  
  14  1:10  Queen  
  14  1:11  Zergling x2  
  17  1:16  Metabolic Boost  
  17  1:21  Zergling x2  
  18  1:26  Zergling x2  
  19  1:35  Baneling Nest  
  19  1:39  Zergling x2  
  19  1:43  Zergling x2  
  20  1:51  Zergling x2  
  21  2:06  Overlord  
  21  2:13  Zergling x2  
  22  2:19  Baneling x2  
  22  2:20  Baneling  
  22  2:24  Zergling x6  
  22  2:29  Baneling  
  25  2:31  Zergling x2  
  22  2:52  Zergling x10  
  27  3:02  Baneling x2  
  27  3:04  Zergling x2  
  27  3:25  Zergling x10  
  29  3:33  Baneling  
  29  3:34  Baneling  
  22  3:55  Zergling x2  
  22  3:56  Zergling x8  
  22  4:02  Baneling x2  
  26  4:05  Drone  
  27  4:12  Drone  
  27  4:13  Baneling  
  27  4:16  Baneling  
  26  4:26  Drone  
  26  4:32  Drone x2  
  26  4:33  Drone  
  29  4:42  Overlord  
  29  4:45  Baneling  
  29  4:46  Baneling x2  
  28  5:00  Baneling  
  25  5:18  Drone x4  
  25  5:21  Baneling  
  29  5:23  Baneling  
  29  5:24  Baneling  
  29  5:26  Zergling x2  
  29  5:27  Hatchery  
  29  5:36  Zergling x6  
  29  5:39  Baneling  
  29  5:40  Baneling  
  32  5:49  Zergling x4  
  31  6:10  Drone x4  
  33  6:15  Queen  
  35  6:19  Drone  
  35  6:23  Baneling  
  34  6:33  Drone  
  35  6:40  Drone x2  
  35  6:42  Queen  
  39  6:48  Overlord  
  39  6:49  Drone x2  
  39  6:51  Lair  
  39  6:54  Extractor  
  40  6:55  Drone  
  40  6:57  Drone  
  42  7:02  Drone  
  42  7:03  Evolution Chamber  
  42  7:09  Drone  
  42  7:10  Drone x3  
  42  7:14  Drone  
  47  7:18  Extractor  
  46  7:23  Drone x2  
  47  7:40  Zerg Missile Weapons Level 1  
  47  7:56  Roach Warren, Zergling x2  
  47  7:57  Zergling x10  
  51  8:01  Spire  
  49  8:12  Extractor  
  48  8:19  Drone x4  
  52  8:24  Extractor  
  52  8:26  Overlord  
  52  8:27  Overlord  
  51  8:30  Hatchery  
  50  8:43  Overlord  
  49  8:52  Roach x5  
  49  8:53  Overlord x2  
  59  8:57  Baneling x2  
  59  9:07  Overlord  
  59  9:09  Roach x4  
  67  9:12  Roach x2  
  67  9:13  Spine Crawler  
  67  9:14  Ravager x2  
  72  9:17  Roach  
  72  9:19  Roach  
Tags
 
Add a new tag
Caveats
  • Supply blocks, unpowered buildings, or Contaminate may cause inaccurate times.
  • Supply counts are checked every 10 seconds.